 Dungeon Crawl Stone Soup version 0.29-a0-393-g47a863cc1b (webtiles) character file.

Game seed: 5754260964896040655

77 Hubjo the Firebug (level 4, -2/26 HPs)
             Began as a Deep Elf Fire Elementalist on May 9, 2022.
             Was a Follower of Sif Muna.
             Slain by Terence
             ... wielding a +2 flail of protection
              (13 damage)
             ... on level 2 of the Dungeon.
             The game lasted 00:03:36 (2553 turns).

Hubjo the Firebug (Deep Elf Fire Elementalist)      Turns: 2553, Time: 00:03:37

Health: -2/26      AC:  2    Str:  5    XL:     4   Next: 14%
Magic:  6/11       EV: 13    Int: 20    God:    Sif Muna [*.....]
Gold:   52         SH:  0    Dex: 17    Spells: 9/10 levels left

rFire   x . .      SeeInvis .   (no weapon)
rCold   + . .      Faith    .   (no shield)
rNeg    . . .      Spirit   .   a - +0 robe
rPois   .          Reflect  .   (no helmet)
rElec   .          Harm     .   (no cloak)
rCorr   .          Rampage  .   (no gloves)
Will    .....                   (no boots)
Stlth   ++........              k - amulet of regeneration
HPRegen 0.88/turn               e - ring of ice
MPRegen 0.12/turn               (no ring)

@: very slightly contaminated
A: no striking features
a: Renounce Religion, Channel Magic


You were on level 2 of the Dungeon.
You worshipped Sif Muna.
Sif Muna was aware of your devotion.
You visited 1 branch of the dungeon, and saw 2 of its levels.

You collected 52 gold pieces.

Inventory:

Armour
 a - a +0 robe (worn)
Jewellery
 e - a ring of ice (left hand)
 k - an amulet of regeneration (around neck)
Scrolls
 d - a scroll of immolation {unknown}
 f - a scroll of vulnerability {unknown}
 h - 2 scrolls of identify {unknown}
 j - a scroll of fear {unknown}
 l - 2 scrolls of teleportation {unknown}
Potions
 b - a potion of magic
 c - 3 potions of curing {unknown}
 g - a potion of brilliance {unknown}
 i - a potion of berserk rage {unknown}
 m - 2 potions of heal wounds {unknown}


   Skills:
 * Level 1.8 Fighting
 - Level 2.4 Dodging
 + Level 3.2 Stealth
 + Level 3.8 Spellcasting
 - Level 1.1 Conjurations
 + Level 3.8 Fire Magic


You had 9 spell levels left.
You knew the following spells:

 Your Spells              Type           Power      Damage    Failure   Level
a - Foxfire               Conj/Fire      52%        2x1d6     4%          1

Your spell library contained the following spells:

 Spells                   Type           Power      Damage    Failure   Level
 Scorch                   Fire           38%        2d7       4%          2
 Conjure Flame            Conj/Fire      13%        6-21      14%         3
 Inner Flame              Hex/Fire       11%        N/A       19%         3
 Flame Wave               Conj/Fire      13%        2d6       43%         4


Dungeon Overview and Level Annotations

Branches:
Dungeon (2/15)

Altars:
Sif Muna

Annotations:
D:2 Terence


Message History

Your foxfire dissipates!
You conjure some foxfire!
The foxfire hits the hobgoblin.
You kill the hobgoblin!
You conjure some foxfire!
Your foxfire dissipates!
You conjure some foxfire!
Your foxfire dissipates! x3
Your foxfire dissipates! x2
Your foxfire dissipates!
Your foxfire dissipates!
There is a faded altar of an unknown god here.
You cannot tell which god this altar belongs to.
Convert to them anyway?
Sif Muna accepts your prayer! Sif Muna welcomes you!
You can now call upon Sif Muna for magical energy.
You see here a hobgoblin corpse.
Found a stone staircase leading down.
Terence the Incautious comes into view.
He is wielding a +2 flail of protection and wearing a +2 scale mail of cold resistance.
Terence is nearby!
Terence is nearby!
Found a glowing mace.
There is a stone staircase leading down here.
You miscast Foxfire.
You are very lightly contaminated with residual magic.
Nothing appears to happen.
You conjure some foxfire!
Terence shouts!
Terence barely misses you.
You conjure some foxfire!
The foxfire hits Terence but does no damage. x2
Terence drinks a potion.
Terence seems to speed up.
You conjure some foxfire!
Terence hits you with a +2 flail of protection.
You conjure some foxfire!
The foxfire hits Terence but does no damage. x3
Terence hits you with a +2 flail of protection!
The foxfire hits Terence but does no damage.
Terence hits you with a +2 flail of protection!
Ouch! That really hurt!
You die...

#.# #....)# #.# ##
#.....# #.# #. #.....#
#.# #. #.....# #.# #.
#.....#####'#####.
#.#####.....##..........
#.....v.....##........##
#§@@...##........#
#§###########....# #.#
##8_8###...# #.#
#.....##...# #.#
##.....###### #.#
#.......# #.# #..8.8..#
#.# #.......# #.#
##.....#######


You could see Terence (fast, ally target).

Vanquished Creatures
  2 adders (D:2)
  2 dart slugs
  5 ball pythons
  6 endoplasms
  2 giant cockroaches (D:2)
  7 goblins
  6 hobgoblins
  4 quokkas
  7 bats
  4 frilled lizards
  4 kobolds
  2 rats (D:1)
51 creatures vanquished.

Vanquished Creatures (others)
  240 foxfires
240 creatures vanquished.

Grand Total: 291 creatures vanquished

Notes
Turn   | Place    | Note
-------+----------+-------------------------------------------
     0 | D:1      | Hubjo the Deep Elf Fire Elementalist began the quest for
                  | the Orb.
     0 | D:1      | Reached XP level 1. HP: 10/10 MP: 6/6
   234 | D:1      | Reached XP level 2. HP: 11/16 MP: 5/8
   702 | D:1      | Reached skill level 1 in Fighting
   988 | D:1      | Reached XP level 3. HP: 20/20 MP: 5/9
  1839 | D:2      | Reached XP level 4. HP: 26/26 MP: 7/11
  2426 | D:2      | Found a faded altar of an unknown god.
  2458 | D:2      | Prayed at the altar of an unknown god.
  2458 | D:2      | Became a worshipper of Sif Muna the Loreminder
  2458 | D:2      | Reached * piety under Sif Muna
  2547 | D:2      | Noticed Terence
  2553 | D:2      | Slain by Terence

Illustrated notes

Levels and vault maps discovered:
D:1:      wander_arrival_desolate, layout_rooms
D:2:      layout_basic, hellmonk_ecumenical_altar_prayer_group, uniq_terence

Skill      XL: |  1  2 |
---------------+-------+-----
Fighting       | 1 |  1.8
Stealth        | 3 |  3.2
Dodging        | |  2.4
Spellcasting   | |  3.8
Conjurations   | |  1.1
Fire Magic     | |  3.8

Action                   |  1- 3 |  4- 6 || total
-------------------------+-------+-------++-------
Melee: Unarmed           |     4 |     2 ||     6
 Cast: Foxfire           |   116 |    35 ||   151
Armor: Robe              |     2 |       ||     2
Dodge: Dodged            |    22 |     5 ||    27

Table legend: (Time is in decaauts)
 A = Elapsed time spent in this place.
 B = Non-inter-level travel time spent in this place.
 C = Inter-level travel time spent in this place.
 D = Time resting spent in this place.
 E = Time spent auto-exploring this place.
 F = Levels seen in this place.
 G = Mean time per level.
                   A        B        C        D        E       F      G
               +--------+--------+--------+--------+--------+-----+--------+
         Total |   2552 |   2547 |      5 |      0 |   2229 |   2 | 1276.0 |
       Dungeon |   2552 |   2547 |      5 |      0 |   2229 |   2 | 1276.0 |
               +--------+--------+--------+--------+--------+-----+--------+

Top non-repeatable levels by time:
     D:1: 1395 daAuts
     D:2: 1156 daAuts
